 Dungeon Crawl Stone Soup version 0.31.0-12-g77e489cdc1 (webtiles) character file.

Game seed: 3571515815383830829

161 ProLineLover the Covered (level 5, -5/42 (47) HPs)
             Began as a Minotaur Fighter on Mar 8, 2024.
             Slain by a wight
             ... wielding a +3 long sword
              (7 damage)
             ... on level 4 of the Dungeon.
             The game lasted 00:02:48 (1007 turns).

ProLineLover the Covered (Minotaur Fighter)         Turns: 1007, Time: 00:02:49

HP:   -5/42 (47)    AC:  7    Str: 20    XL:     5   Next: 18%
MP:   4/4           EV:  9    Int:  7    God:
Gold: 97            SH:  4    Dex: 10    Spells: 4/4 levels left

rFire   . . .        a - +0 war axe
rCold   . . .        c - +0 buckler
rNeg    . . .        b - +0 scale mail
rPois   .            (helmet restricted)
rElec   .            (no cloak)
rCorr   .            (no gloves)
SInv    .            (no boots)
Will    .....        (no amulet) Stlth
                     (no ring)
HPRegen 0.27/turn    (no ring)
MPRegen 0.09/turn

%: no passive effects
@: heavily drained
A: horns 2, retaliatory headbutt
a: no special abilities


You were on level 4 of the Dungeon.
You visited 1 branch of the dungeon, and saw 4 of its levels.

You collected 97 gold pieces.

Inventory:

Hand Weapons
 a - a +0 war axe (weapon)
Armour
 b - a +0 scale mail (worn)
 c - a +0 buckler (worn)
Jewellery
 e - a ring of fire
Scrolls
 g - a scroll of teleportation
 h - a scroll of fear
 k - a scroll of vulnerability
Potions
 d - a potion of might
 f - a potion of enlightenment
 i - a potion of berserk rage


   Skills:
 * Level 4.3 Fighting
 * Level 4.3 Axes
 * Level 4.3 Armour
 * Level 1.4 Dodging
 * Level 1.2 Stealth
 * Level 4.2 Shields


You had 4 spell levels left.
You didn't know any spells.
Your spell library was empty.

Dungeon Overview and Level Annotations

Branches:
Dungeon (4/15)
 Temple: D:4-7

Altars:
Zin


Innate Abilities, Weirdness & Mutations

You have a pair of horns on your head.
You reflexively headbutt those who attack you in melee.


Message History

Found 14 gold pieces.
A wight comes into view. It is wielding a +3 long sword.
A wight comes into view. It is wielding a +3 hand axe.
The wight hits you from afar with a +1 spear.
You block the wight's attack.
You hit the wight.
The wight is moderately damaged.
The wight hits you with a +2 short sword.
The wight hits you from afar with a +1 spear.
You slash the wight!
You destroy the wight!
The wight hits you but does no damage.
Your Axes skill increases to level 4!
You have reached level 5!
The wight hits you from afar with a +1 spear!
You feel drained.
Things that are here:
a +2 short sword; a +0 robe The wight hits you with a +3 long sword.
The wight hits you but does no damage.
Found a stone staircase leading up.
The wight hits you with a +3 hand axe!
You feel drained. The wight closely misses you. The wight barely misses you.
You furiously retaliate!
You headbutt the wight! You closely miss the wight.
The wight is severely damaged.
You hit the wight. You completely miss the wight. The wight barely misses you.
The wight hits you with a +3 long sword.
* * * LOW HITPOINT WARNING * * *
You block the wight's attack. The wight barely misses you. x2
You block the wight's attack.
You slash the wight!
You destroy the wight!
You closely miss the wight. You barely miss the wight.
You hear the slow rusting of a drain very nearby.
The wight hits you with a +3 hand axe!
* * * LOW HITPOINT WARNING * * *
You feel drained.
* * * LOW HITPOINT WARNING * * *
The wight hits you with a +3 long sword!
You die...

..... ###. <..##
......##... ...~~
.........$....#.......##
................. .....#
...#..#.........##......
......##................
.......##.......)z......
#...............@..#
...............)z..#
.<....#...........#....
......#..........## ....
......#...........# #..
.................## .
................##
................#
.#...†.........##


You could see 2 wights.

Vanquished Creatures
  2 wights (D:4)
  A sleepcap (D:4)
  An iguana (D:3)
  2 adders
  An adder skeleton (D:3)
  A dart slug (D:1)
  4 ball pythons
  4 endoplasms
  3 giant cockroaches
  4 goblins
  4 hobgoblins
  A kobold (D:2)
  A ball python skeleton (D:3)
  A bat (D:1)
  4 frilled lizards
  4 rats
38 creatures vanquished.

Notes
Turn   | Place    | Note
-------+----------+-------------------------------------------
     0 | D:1      | ProLineLover the Minotaur Fighter began the quest for the
                  | Orb.
     0 | D:1      | Reached XP level 1. HP: 19/19 MP: 0/0
   191 | D:1      | Reached XP level 2. HP: 27/27 MP: 1/1
   803 | D:2      | Reached XP level 3. HP: 27/33 MP: 2/2
   853 | D:3      | Reached skill level 1 in Dodging
   902 | D:3      | Reached XP level 4. HP: 39/40 MP: 3/3
   918 | D:3      | Found a glowing silver altar of Zin.
   985 | D:4      | Reached skill level 1 in Stealth
  1003 | D:4      | Reached XP level 5. HP: 32/47 MP: 4/4
  1007 | D:4      | HP: 2/42 [wight/+3 hand axe (2)]
  1007 | D:4      | Slain by a wight

Illustrated notes

Levels and vault maps discovered:
D:1:      dpeg_arrival_three_same_balls, layout_loops_ring,
          dreamdust_ecumenical_altar_angels_and_demons, minivault_27
D:2:      layout_basic, wander_ebering_terrifying_dragon_lair
D:3:      layout_rooms, lemuel_crystal_altar, serial_undead, serial_undead_c,
          serial_undead_a, serial_undead_a, serial_undead_e
D:4:      layout_cave_pools, mainiacjoe_sewer_entry_somewhere_in_here_1,
          hellmonk_guarded_unrand_hermit, uniq_pikel

Skill      XL: |  1  2  3  4 |
---------------+-------------+-----
Axes           | 3 4 |  4.3
Armour         | 4 |  4.3
Dodging        | 1 |  1.4
Fighting       | 4 |  4.3
Shields        | 4 |  4.2
Stealth        | 1 |  1.2

Action                     |  1- 3 |  4- 6 || total
---------------------------+-------+-------++-------
  Melee: War axe           |    63 |    17 ||    80
         Headbutt          |     7 |     3 ||    10
    Use: Scroll            |     7 |     1 ||     8
         Potion            |       |     1 ||     1
 Armour: Scale mail        |    46 |    21 ||    67
  Dodge: Dodged            |    31 |    10 ||    41
  Block: Buckler           |    19 |     8 ||    27
